 Dungeon Crawl Stone Soup version 0.18-a0-1561-g7b1e397 (webtiles) character file.

100 MenacingMecha the Poker (level 4, -8/52 HPs)
             Began as a Merfolk Berserker on Mar 13, 2016.
             Was a Believer of Trog.
             Mangled by an ogre
             ... wielding a +0 giant club
              (15 damage)
             ... on level 3 of the Dungeon.
             The game lasted 00:05:34 (2141 turns).

MenacingMecha the Poker (Merfolk Berserker)         Turns: 2141, Time: 00:05:34

Health: -8/52      AC:  5    Str: 23    XL:     4   Next: 74%
Magic:  4/4        EV: 12    Int:  6    God:    Trog [**....]
Gold:   45         SH:  0    Dex: 13    Spells: 0 memorised, 3 levels left

rFire  . . .     SeeInvis .     a - +0 spear
rCold  . . .     Gourm    .     i - +0 ring mail
rNeg   . . .     Faith    .     (no shield)
rPois  .         Spirit   .     (no helmet)
rElec  .         Dismiss  .     (no cloak)
rCorr  .         Reflect  .     (no gloves)
SustAt .         Harm     .     (no boots)
MR     .....                    (no amulet)
Stlth  ..........               (no ring)
                                b - ring of flight

@: berserking, very quick, not resistant to hostile enchantments, extremely
unstealthy
A: change form in water, swift swim
a: Berserk, Trog's Hand, Burn Spellbooks, Renounce Religion, Evoke Flight


You were on level 3 of the Dungeon.
You worshipped Trog.
Trog was pleased with you.
You were not hungry.

You visited 1 branch of the dungeon, and saw 3 of its levels.

You collected 45 gold pieces.

Inventory:

Hand Weapons
 a - a +0 spear (weapon)
Missiles
 f - 19 poisoned needles
Armour
 i - a +0 ring mail (worn)
Jewellery
 b - a ring of flight (left hand)
Wands
 u - a wand of flame (6/48)
Scrolls
 e - 2 scrolls of identify {unknown}
 j - 3 scrolls of remove curse {unknown}
 k - a scroll of blinking {unknown}
 n - 2 scrolls of fear {unknown}
 r - a scroll of immolation {unknown}
 t - a scroll of enchant weapon {unknown}
 v - a scroll of teleportation {unknown}
Potions
 d - a potion of lignification {unknown}
 g - 2 potions of curing {unknown}
 h - a potion of haste {unknown}
 m - a potion of heal wounds {unknown}
 o - a potion of might {unknown}
 s - a potion of brilliance {unknown}
Comestibles
 c - 2 bread rations
 l - 3 fruits
 p - a meat ration
 q - 3 chunks of flesh


   Skills:
 - Level 3.2 Fighting
 + Level 7.7 Polearms
 - Level 1.3 Armour
 - Level 2.6 Dodging


You had 3 spell levels left.
You didn't know any spells.

Dungeon Overview and Level Annotations

Branches:
Dungeon (3/15)

Altars:
Zin


Message History

Evoke which item? (* to show all) (? for menu, Esc to quit)
Okay, then.
Attack whom?
Press: ? - help, Dir - move target cursor, f/p - ogre
Aim: an ogre, wielding a giant club (heavily wounded)
You reach to attack!
You hit the ogre but do no damage.
The ogre is heavily wounded.
You hit the ogre but do no damage.
The ogre is heavily wounded.
The ogre hits you with a giant club!
You hit the ogre.
The ogre is severely wounded.
You hit the ogre.
The ogre is severely wounded.
The ogre hits you with a giant club!
* * * LOW HITPOINT WARNING * * *
A red film seems to cover your vision as you go berserk!
You feel yourself moving faster!
You feel mighty!
You feel somewhat more hungry. The ogre hits you with a giant club!
You die...

##### #.# ... #.#
... #.# ##...
##########.#
.#.####..........#
..........#####.##
#.####.##.# #... #%#
#.##.# #.## #@#
#.##.# #.# #O#
#.##.### #.# #.#
#.##...# #.# #.#
#.####.# #.# #.# #.#
#.# #.# #.# #.# #.#
#.#
###.####.####.###.##
#..)................
#.#.######.#....####


You could see an ogre.

Vanquished Creatures
  3 adders
  A gnoll (D:1)
  An ooze (D:1)
  3 worms
  2 giant geckos (D:1)
  6 bats
  6 giant cockroaches
  5 goblins
  3 hobgoblins
  4 jackals
  A quokka (D:2)
  2 giant newts
  4 kobolds
  7 rats
48 creatures vanquished.

Notes
Turn   | Place    | Note
--------------------------------------------------------------
     0 | D:1      | MenacingMecha the Merfolk Berserker began the quest for the Orb.
     0 | D:1      | Reached XP level 1. HP: 18/18 MP: 1/1
    70 | D:1      | Reached skill level 5 in Polearms
   155 | D:1      | Reached XP level 2. HP: 17/24 MP: 2/2
   548 | D:1      | Reached skill level 6 in Polearms
   548 | D:1      | Reached XP level 3. HP: 24/29 MP: 3/3
  1006 | D:2      | Reached ** piety under Trog
  1379 | D:2      | Found a glowing silver altar of Zin.
  1476 | D:2      | Reached skill level 7 in Polearms
  1476 | D:2      | Reached XP level 4. HP: 33/35 MP: 4/4
  2132 | D:3      | Noticed an ogre
  2141 | D:3      | Mangled by an ogre

Vault maps used:
D:1:      sevenhm_arrival_forest_fort_small_4
D:2:      nicolae_overflow_crystal_walls
D:3:      nicolae_overflow_hidden_temple

Skill      XL: |  1  2  3 |
---------------+----------+-----
Polearms       | 5 6 7 |  7.7
Fighting       | |  3.2
Armour         | |  1.3
Dodging        | |  2.6

Action                   |  1- 3 |  4- 6 || total
-------------------------+-------+-------++-------
Melee: Spear             |   109 |    95 ||   204
Invok: Berserk           |     3 |     1 ||     4
Evoke: Wand              |       |     4 ||     4
 Stab: Sleeping          |     5 |       ||     5
  Eat: Chunk             |     4 |     3 ||     7
